 Dungeon Crawl Stone Soup version 0.26.1-11-gd32895ea62 (webtiles) character file.

Game seed: 14593094723763746668

704 Almogavar the Slasher (level 7, -1/36 (55) HPs)
             Began as a Barachi Fighter on May 13, 2021.
             Was an Initiate of Makhleb.
             Slain by Edmund
             ... wielding a +2 dire flail of draining
              (4 damage)
             ... on level 5 of the Dungeon.
             The game lasted 00:11:51 (5944 turns).

Almogavar the Slasher (Barachi Fighter)             Turns: 5944, Time: 00:11:52

HP:   -1/36 (55)    AC: 11    Str: 19    XL:     7   Next: 66%
MP:   7/7           EV:  8    Int:  9    God:    Makhleb [......]
Gold: 287           SH:  9    Dex: 11    Spells: 6/6 levels left

rFire    + . .     SeeInvis .   a - +1 long sword
rCold    x . .     Faith    .   c - +0 kite shield
rNeg     . . .     Spirit   .   b - +0 scale mail
rPois    .         Reflect  .   (no helmet)
rElec    .         Harm     .   (no cloak)
rCorr    .         Rampage  .   x - +0 pair of gloves
Will     .....                  f - +1 pair of boots
Stlth    ..........             (no amulet)
HPRegen  0.12/turn              G - ring of fire
MPRegen  0.10/turn              (no ring)

@: very heavily drained, slow
A: +LOS, swims, slowness 1, strong legs 1
a: Hop, Renounce Religion


You were on level 5 of the Dungeon.
You worshipped Makhleb.
Makhleb was noncommittal.
You visited 2 branches of the dungeon, and saw 7 of its levels.

You collected 287 gold pieces.

Inventory:

Hand Weapons
 a - a +1 long sword (weapon)
 t - a +1 trident of freezing
 A - a +0 hunting sling
Missiles
 l - 276 stones
 q - a poisoned dart (quivered)
 z - 18 bolts
 F - 15 sling bullets
Armour
 b - a +0 scale mail (worn)
 c - a +0 kite shield (worn)
 f - a +1 pair of boots (worn)
 v - a +0 chain mail
 x - a +0 pair of gloves (worn)
Jewellery
 G - a ring of fire (left hand)
Wands
 s - a wand of digging (1)
 D - a wand of iceblast (10)
Scrolls
 e - a scroll of fear
 g - a scroll of magic mapping
 i - a scroll of enchant weapon
 j - 2 scrolls of teleportation {unknown}
 m - 2 scrolls of blinking
 n - a scroll of enchant armour
 p - a scroll of amnesia
 y - 2 scrolls of remove curse
 E - a scroll of random uselessness {unknown}
Potions
 d - a potion of might
 h - a potion of flight
 k - 3 potions of haste {unknown}
 o - a potion of brilliance {unknown}
 r - a potion of degeneration {unknown}
 u - a potion of magic {unknown}
 w - 3 potions of berserk rage {unknown}
 B - a potion of attraction {unknown}
 C - 3 potions of invisibility {unknown}


   Skills:
 + Level 4.7 Fighting
 + Level 6.8 Long Blades
 + Level 6.6 Armour
 + Level 1.6 Dodging
 + Level 0.8 Stealth
 + Level 4.1 Shields


You had 6 spell levels left.
You didn't know any spells.
Your spell library was empty.

Dungeon Overview and Level Annotations

Branches:
Dungeon (6/15)             Temple (1/1) D:5

Altars:
Elyvilon
Gozag
Kikubaaqudgha
Makhleb
Xom
Zin
The Shining One

Annotations:
D:5 Edmund


Innate Abilities, Weirdness & Mutations

You can be seen from farther away. (+LOS)
You can swim through water.
You cover ground slowly.
You can hop short distances.


Message History

Edmund is heavily wounded.
Edmund barely misses you.
You hit Edmund but do no damage.
Edmund is heavily wounded.
Edmund says, "I'm quite good with sums, too."
Edmund hits you with a +2 dire flail of draining!
You feel drained.
* * * LOW HITPOINT WARNING * * *
You closely miss Edmund.
Edmund is heavily wounded.
Edmund hits you but does no damage.
You feel drained.
You barely miss Edmund.
Edmund is heavily wounded.
Edmund hits you but does no damage.
You feel drained.
You slash Edmund!
Edmund is almost dead.
Edmund hits you with a +2 dire flail of draining!
* * * LOW HITPOINT WARNING * * *
You feel drained.
You die...

####.#.#.####..#...##....#.......
...#.#.#.#.##..#...##........#.##
##.#.#.#(#.###.#.................
.#'#+#.#.#.###.#.#.##.##.#...#.##
.......#.#...................#.#
.......#.#.##....####..#.#.#.#.#
.......#.........# #........#.#
.......#...###.@)# #......###.#
.......#...# #.#@# #....#.# #.#
.......#...# #.######....#.# #.#
.......#...# #.#.........#.# #.#
.......#...# #.#.####....#.# #.#
.......#...# #.#.####....#.# #.#
...........###.#.#.........# #.#
#....#.<.......#.#.##.#..#####.##
.....#.#.#######.#.#.............
...(...#.#######........######.##


You could see Edmund (very poisoned).

Vanquished Creatures
  A phantom (D:5)
  A sky beast (D:5)
  A gnoll sergeant (D:6)
  A scorpion (D:5)
  A jelly (D:5)
  2 iguanas (D:5)
  4 worker ants
  5 gnolls
  10 adders
  An ufetubus (D:5)
  3 oozes
  An adder skeleton (D:4)
  3 worms (D:4)
  2 dart slugs
  A leopard gecko (D:1)
  An orc (D:3)
  A ball python (D:2)
  6 bats
  4 giant cockroaches
  11 goblins
  5 hobgoblins
  2 jackals (D:4)
  2 quokkas
  7 frilled lizards
  8 kobolds
  A leopard gecko skeleton (D:4)
  4 rats
89 creatures vanquished.

Vanquished Creatures (others)
  3 plants (D:4)
3 creatures vanquished.

Grand Total: 92 creatures vanquished

Notes
Turn   | Place    | Note
-------+----------+-------------------------------------------
     0 | D:1      | Almogavar the Barachi Fighter began the quest for the Orb.
     0 | D:1      | Reached XP level 1. HP: 18/18 MP: 1/1
   144 | D:1      | Reached XP level 2. HP: 23/25 MP: 2/2
   680 | D:1      | Reached XP level 3. HP: 30/30 MP: 3/3
  1286 | D:2      | Found a faded altar of an unknown god.
  1404 | D:2      | Reached XP level 4. HP: 26/37 MP: 4/4
  1967 | D:3      | Reached skill level 1 in Dodging
  1974 | D:3      | Found an opulent altar of Gozag.
  2224 | D:3      | Reached XP level 5. HP: 41/42 MP: 5/5
  2380 | D:3      | Found a glowing silver altar of Zin.
  3039 | D:4      | Reached skill level 5 in Armour
  3897 | D:4      | Reached skill level 5 in Long Blades
  3897 | D:4      | Reached XP level 6. HP: 42/49 MP: 6/6
  3996 | D:5      | Entered Level 5 of the Dungeon
  4257 | D:5      | Found a shimmering altar of Xom.
  4500 | D:5      | Noticed a sky beast
  4524 | D:5      | Killed a sky beast
  4749 | D:5      | Noticed a phantom
  4751 | D:5      | Found a staircase to the Ecumenical Temple.
  4807 | D:5      | Killed a phantom
  4808 | D:5      | Reached XP level 7. HP: 22/55 MP: 7/7
  5032 | Temple   | Entered the Ecumenical Temple
  5063 | Temple   | Became a worshipper of Makhleb the Destroyer
  5917 | D:6      | Noticed Edmund
  5944 | D:5      | Slain by Edmund

Illustrated notes

Levels and vault maps discovered:
D:1:      lightli_arrival_windingriver, layout_basic, kennysheep_minor_cross
D:2:      layout_rooms, chequers_ecumenical_altar_simple
D:3:      layout_basic, pdpol_temple_overflow_zin_treasury_gozag_greed,
          hangedman_abyss_or_decor_lesser_grid
D:4:      layout_basic, st_stairs_5, roderic_lattice_a, serial_bayou_lagoon_b
D:5:      layout_basic, marbit_many_paths, temple_fountains
D:6:      layout_cave_pools, ebering_ghost_sewer_f, uniq_edmund
Temple:   bh_familiar_temple

Skill      XL: |  1  2  3  4  5  6 |
---------------+-------------------+-----
Armour         | 4 5 6 |  6.6
Fighting       | 4 |  4.7
Long Blades    | 3 4 5 6 |  6.8
Dodging        | 1 |  1.6
Shields        | 4 |  4.1
Stealth        | |  0.8

Action                   |  1- 3 |  4- 6 |  7- 9 || total
-------------------------+-------+-------+-------++-------
Melee: Long sword        |    98 |   230 |    54 ||   382
Throw: Dart              |       |       |     9 ||     9
  Use: Scroll            |       |     8 |       ||     8
Armor: Scale mail        |    48 |    92 |    19 ||   159
Dodge: Dodged            |    34 |    63 |    21 ||   118
Block: Kite shield       |    51 |    93 |    25 ||   169
       Rpst.: Long sword |    14 |    26 |     6 ||    46
